| TOP OF THE 1ST |
|
Kingsport Mets batting - Pitching for Grand Junction Rockies : LHP Steve Gilliam
|
|
Pitching: LHP Steve Gilliam
|
|
|
Batting: RHB John Jones
|
0-0: Ball 1-0: Ball 2-0: Ball 3-0: Called Strike 3-1: Base on Balls
|
|
Batting: RHB Josh Jones
|
0-0: Ball 1-0: Swinging Strike 1-1: Ball 2-1: Swinging Strike 2-2: DOUBLE (Line Drive, 89D, EV 104.4 MPH) John Jones to third
|
|
Batting: RHB Kyle Holland
|
0-0: Foul Ball, location: 2F 0-1: Ball 1-1: Swinging Strike 1-2: Foul Ball, location: 2F 1-2: Foul Ball, location: 2F 1-2: SINGLE (Line Drive, 78S, EV 93.1 MPH) John Jones scores Josh Jones to third
|
|
Batting: SHB Jason Evans
|
0-0: Foul Ball, location: 2F 0-1: Foul Ball, location: 2F 0-2: Fly out, F7 (Flyball, 7LS, EV 87.5 MPH)
|
|
Batting: RHB Coltin Nellis
|
0-0: Ball 1-0: Foul Ball, location: 2F 1-1: SINGLE (Groundball, 4MD, EV 106.3 MPH) Josh Jones scores Kyle Holland to second
|
|
Batting: RHB Danny Runberg
|
0-0: Ball Coltin Nellis is caught stealing 2nd base 2-4 Kyle Holland steals 3rd base 1-0: Ball 2-0: Called Strike 2-1: Foul Ball, location: 2F 2-2: Ball 3-2: Strikes out looking
|
| Top of the 1st over - 2 runs, 3 hits, 0 errors, 1 left on base; Kingsport 2 - Grand Junction 0 |
| BOTTOM OF THE 1ST |
|
Grand Junction Rockies batting - Pitching for Kingsport Mets : RHP Gabe Kelso
|
|
Pitching: RHP Gabe Kelso
|
|
|
Batting: LHB Zack Guillen
|
0-0: Called Strike 0-1: Swinging Strike 0-2: Foul Ball, location: 2F 0-2: Ball 1-2: Strikes out swinging
|
|
Batting: RHB Ryan Rinaldi
|
0-0: Called Strike 0-1: Called Strike 0-2: Ball 1-2: Fly out, F7 (Flyball, 78D, EV 92.5 MPH)
|
|
Batting: RHB John Boyer
|
0-0: Swinging Strike 0-1: SOLO HOME RUN (Flyball, 7D, EV 100.6 MPH), Distance : 386 ft
|
|
Batting: RHB Doug D'Onofrio
|
0-0: Foul Ball, location: 2F 0-1: Ball 1-1: Fly out, F8 (Flyball, 8RD, EV 72.5 MPH)
|
| Bottom of the 1st over - 1 run, 1 hit, 0 errors, 0 left on base; Kingsport 2 - Grand Junction 1 |
| TOP OF THE 2ND |
|
Kingsport Mets batting - Pitching for Grand Junction Rockies : LHP Steve Gilliam
|
|
Batting: RHB Frank Shaw
|
0-0: Swinging Strike 0-1: Called Strike 0-2: Ball 1-2: Foul Ball, location: 2F 1-2: Strikes out swinging
|
|
Batting: RHB J.D. Brese
|
0-0: Called Strike 0-1: Called Strike 0-2: Fly out, F9 (Flyball, 9, EV 92.5 MPH)
|
|
Batting: RHB Dan House
|
0-0: Ball 1-0: Ball 2-0: Ball 3-0: Base on Balls
|
|
Batting: RHB John Jones
|
0-0: Swinging Strike 0-1: Foul Ball, location: 2F 0-2: Strikes out swinging
|
| Top of the 2nd over - 0 runs, 0 hits, 0 errors, 1 left on base; Kingsport 2 - Grand Junction 1 |
| BOTTOM OF THE 2ND |
|
Grand Junction Rockies batting - Pitching for Kingsport Mets : RHP Gabe Kelso
|
|
Batting: SHB Jeff Sorrels
|
0-0: Ball 1-0: Called Strike 1-1: Ball 2-1: Ball 3-1: Foul Ball, location: 2F 3-2: Base on Balls
|
|
Batting: RHB Bryce Hickman
|
0-0: Called Strike 0-1: Ball 1-1: SINGLE (Groundball, 6D, EV 99.4 MPH) Jeff Sorrels to second
|
|
Batting: LHB Michael Krott
|
0-0: Fly out, F7 (Line Drive, 7D, EV 98.1 MPH)
|
|
Batting: SHB Jamie Mims
|
0-0: Ball 1-0: SINGLE (Groundball, 4D, EV 95.0 MPH) Jeff Sorrels to third Bryce Hickman to second Runner from 3rd tries for Home, SAFE, throw by RF to home
|
|
Batting: RHB John Stevenson
|
0-0: Swinging Strike 0-1: Swinging Strike 0-2: Grounds into double play, 4-6-3 (Groundball, 34, EV 88.1 MPH)
|
| Bottom of the 2nd over - 1 run, 2 hits, 0 errors, 1 left on base; Kingsport 2 - Grand Junction 2 |
| TOP OF THE 3RD |
|
Kingsport Mets batting - Pitching for Grand Junction Rockies : LHP Steve Gilliam
|
|
Now at 1B: Luke Coulter
|
|
|
Batting: RHB Josh Jones
|
0-0: Ball 1-0: Ground out 6-3 (Groundball, 6, EV 105.0 MPH)
|
|
Batting: RHB Kyle Holland
|
0-0: Ball 1-0: Called Strike 1-1: Ball 2-1: Ball 3-1: Base on Balls
|
|
Batting: SHB Jason Evans
|
0-0: Foul Ball, location: 2F 0-1: Grounds into double play, 6-4-3 (Groundball, 6, EV 80.6 MPH)
|
| Top of the 3rd over - 0 runs, 0 hits, 0 errors, 0 left on base; Kingsport 2 - Grand Junction 2 |
| BOTTOM OF THE 3RD |
|
Grand Junction Rockies batting - Pitching for Kingsport Mets : RHP Gabe Kelso
|
|
Batting: LHB Zack Guillen
|
0-0: Ball 1-0: Swinging Strike 1-1: Swinging Strike 1-2: Ground out U3 (Groundball, 3L, EV 88.1 MPH)
|
|
Batting: RHB Ryan Rinaldi
|
0-0: SINGLE (Groundball, 6MD, EV 100.6 MPH)
|
|
Batting: RHB John Boyer
|
0-0: Ball Ryan Rinaldi is caught stealing 2nd base 2-4 1-0: SOLO HOME RUN (Flyball, 7D, EV 94.4 MPH), Distance : 380 ft
|
|
Batting: RHB Doug D'Onofrio
|
0-0: Ball 1-0: Fly out, F9 (Flyball, 9LS, EV 85.6 MPH)
|
| Bottom of the 3rd over - 1 run, 2 hits, 0 errors, 0 left on base; Kingsport 2 - Grand Junction 3 |
| TOP OF THE 4TH |
|
Kingsport Mets batting - Pitching for Grand Junction Rockies : LHP Steve Gilliam
|
|
Batting: RHB Coltin Nellis
|
0-0: Ball 1-0: Ball 2-0: Fly out, F5 (Flyball, 5D, EV 83.8 MPH)
|
|
Batting: RHB Danny Runberg
|
0-0: SOLO HOME RUN (Flyball, 78XD, EV 111.3 MPH), Distance : 421 ft
|
|
Batting: RHB Frank Shaw
|
0-0: Called Strike 0-1: Ball 1-1: SOLO HOME RUN (Flyball, 7D, EV 99.4 MPH), Distance : 385 ft
|
|
Batting: RHB J.D. Brese
|
0-0: Ball 1-0: Ball 2-0: Ball 3-0: Base on Balls
|
|
Batting: RHB Dan House
|
0-0: Ball 1-0: Foul Ball, location: 2F 1-1: Foul Ball, location: 2F 1-2: Ball 2-2: Ball 3-2: Base on Balls J.D. Brese to second
|
|
Batting: RHB John Jones
|
0-0: Foul Ball, location: 2F 0-1: Ball 1-1: SINGLE (Groundball, 6MD, EV 98.1 MPH) J.D. Brese to third Dan House to second Runner from 3rd tries for Home, SAFE, throw by CF to home
|
|
Batting: RHB Josh Jones
|
0-0: SINGLE (Groundball, 6MD, EV 102.5 MPH) Dan House to third John Jones to second Runner from 3rd tries for Home, SAFE, throw by CF to home
|
|
Pitching: RHP Jim Micaletti
|
|
|
Batting: RHB Kyle Holland
|
0-0: Ball 1-0: Ball 2-0: Foul Ball, location: 2F 2-1: Ball 3-1: Foul Ball, location: 2F 3-2: Base on Balls John Jones to third Josh Jones to second
|
|
Batting: SHB Jason Evans
|
0-0: Ball 1-0: Fielders Choice at 2nd, 4-6 (Groundball, 4S, EV 83.8 MPH) John Jones scores Josh Jones to third
|
|
Batting: RHB Coltin Nellis
|
0-0: Ball 1-0: Swinging Strike 1-1: DOUBLE (Groundball, 5L, EV 110.0 MPH) Josh Jones scores Jason Evans to third Runner from 3rd tries for Home, SAFE, no throw by LF
|
|
Batting: RHB Danny Runberg
|
0-0: Called Strike 0-1: Hit by Pitch
|
|
Batting: RHB Frank Shaw
|
0-0: Foul Ball, location: 2F 0-1: Swinging Strike 0-2: Ball 1-2: 3-RUN HOME RUN (Flyball, 7D, EV 100.6 MPH), Distance : 391 ft
|
|
Batting: RHB J.D. Brese
|
0-0: Called Strike 0-1: TRIPLE (Flyball, 89XD, EV 100.6 MPH)
|
|
Batting: RHB Dan House
|
0-0: Ball 1-0: Ball 2-0: Ball 3-0: Called Strike 3-1: Called Strike 3-2: Base on Balls
|
|
Batting: RHB John Jones
|
0-0: 3-RUN HOME RUN (Flyball, 78XD, EV 104.4 MPH), Distance : 442 ft
|
|
Pitching: RHP Zakhar Edelman
|
|
|
Batting: RHB Josh Jones
|
0-0: Called Strike 0-1: SINGLE (Line Drive, 56D, EV 106.3 MPH)
|
|
Batting: RHB Kyle Holland
|
0-0: Ball 1-0: Fielders Choice at 2nd, 5-4 (Groundball, 56, EV 86.9 MPH)
|
| Top of the 4th over - 13 runs, 9 hits, 0 errors, 1 left on base; Kingsport 15 - Grand Junction 3 |
| BOTTOM OF THE 4TH |
|
Grand Junction Rockies batting - Pitching for Kingsport Mets : RHP Gabe Kelso
|
|
Batting: LHB Luke Coulter
|
0-0: DOUBLE (Line Drive, 5D, EV 104.4 MPH)
|
|
Batting: RHB Bryce Hickman
|
0-0: Ball 1-0: Ball 2-0: Foul Ball, location: 2F 2-1: Called Strike 2-2: SINGLE (Flyball, 9LS, EV 101.3 MPH) Luke Coulter to third
|
|
Batting: LHB Michael Krott
|
0-0: Ball 1-0: Called Strike 1-1: Foul Ball, location: 2F 1-2: Grounds into double play, 4-6-3 (Groundball, 4, EV 100.6 MPH) Luke Coulter scores
|
|
Batting: SHB Jamie Mims
|
0-0: SINGLE (Groundball, 25, EV 70.0 MPH) (infield hit)
|
|
Batting: RHB John Stevenson
|
0-0: Ball Jamie Mims steals 2nd base (no throw) 1-0: Foul Ball, location: 2F 1-1: Foul Ball, location: 2F 1-2: Foul Ball, location: 2F 1-2: Fly out, F9 (Flyball, 89M, EV 78.8 MPH)
|
| Bottom of the 4th over - 1 run, 3 hits, 0 errors, 1 left on base; Kingsport 15 - Grand Junction 4 |
| TOP OF THE 5TH |
|
Kingsport Mets batting - Pitching for Grand Junction Rockies : RHP Zakhar Edelman
|
|
Batting: SHB Jason Evans
|
0-0: Ball 1-0: DOUBLE (Line Drive, 89XD, EV 108.1 MPH)
|
|
Batting: RHB Coltin Nellis
|
0-0: Ball 1-0: Swinging Strike 1-1: Foul Ball, location: 2F 1-2: Hit by Pitch
|
|
Batting: RHB Danny Runberg
|
0-0: Ball 1-0: 3-RUN HOME RUN (Flyball, 78XD, EV 105.0 MPH), Distance : 442 ft
|
|
Batting: RHB Frank Shaw
|
0-0: Fly out, F8 (Flyball, 8LM, EV 85.6 MPH)
|
|
Batting: RHB J.D. Brese
|
0-0: Called Strike 0-1: Ground out 6-3 (Groundball, 6, EV 81.3 MPH)
|
|
Batting: RHB Dan House
|
0-0: Ball 1-0: Ball 2-0: Called Strike 2-1: SINGLE (Flyball, 6D, EV 98.1 MPH)
|
|
Batting: RHB John Jones
|
0-0: Ball 1-0: Foul Ball, location: 2F 1-1: Ball 2-1: Foul Ball, location: 2F 2-2: Ball 3-2: Foul Ball, location: 2F 3-2: Ground out 5-3 (Groundball, 56S, EV 93.1 MPH)
|
| Top of the 5th over - 3 runs, 3 hits, 0 errors, 1 left on base; Kingsport 18 - Grand Junction 4 |
| BOTTOM OF THE 5TH |
|
Grand Junction Rockies batting - Pitching for Kingsport Mets : RHP Gabe Kelso
|
|
Batting: LHB Zack Guillen
|
0-0: SINGLE (Line Drive, 78M, EV 109.4 MPH)
|
|
Batting: RHB Ryan Rinaldi
|
0-0: Ball 1-0: Ball Zack Guillen steals 2nd base 2-0: Foul Ball, location: 2F 2-1: Foul Ball, location: 2F 2-2: Ground out 5-3 (Groundball, 56, EV 98.1 MPH)
|
|
Batting: RHB John Boyer
|
0-0: Called Strike Zack Guillen is caught stealing 3rd base 2-5 0-1: Ball 1-1: Swinging Strike 1-2: DOUBLE (Line Drive, 9LS, EV 109.4 MPH)
|
|
Batting: RHB Doug D'Onofrio
|
0-0: Ball 1-0: Foul Ball, location: 2F 1-1: Foul Ball, location: 2F 1-2: Strikes out swinging
|
| Bottom of the 5th over - 0 runs, 2 hits, 0 errors, 1 left on base; Kingsport 18 - Grand Junction 4 |
| TOP OF THE 6TH |
|
Kingsport Mets batting - Pitching for Grand Junction Rockies : RHP Zakhar Edelman
|
|
Batting: RHB Josh Jones
|
0-0: Called Strike 0-1: Ground out 6-3 (Groundball, 6M, EV 101.3 MPH)
|
|
Batting: RHB Kyle Holland
|
0-0: Foul Ball, location: 2F 0-1: Ball 1-1: Swinging Strike 1-2: Foul Ball, location: 2F 1-2: Ball 2-2: Fly out, F7 (Line Drive, 7S, EV 101.3 MPH)
|
|
Batting: SHB Jason Evans
|
0-0: Ball 1-0: Called Strike 1-1: Ball 2-1: Fly out, F7 (Flyball, 78D, EV 102.5 MPH)
|
| Top of the 6th over - 0 runs, 0 hits, 0 errors, 0 left on base; Kingsport 18 - Grand Junction 4 |
| BOTTOM OF THE 6TH |
|
Grand Junction Rockies batting - Pitching for Kingsport Mets : RHP Gabe Kelso
|
|
Batting: LHB Luke Coulter
|
0-0: SINGLE (Groundball, 56S, EV 68.8 MPH) (infield hit)
|
|
Batting: RHB Bryce Hickman
|
0-0: Foul Ball, location: 2F 0-1: Ball 1-1: Ball 2-1: Ball Wild Pitch! Luke Coulter to second 3-1: Base on Balls
|
|
Batting: LHB Michael Krott
|
0-0: TRIPLE (Flyball, 89XD, EV 111.3 MPH) Luke Coulter scores Bryce Hickman scores
|
|
Pitching: RHP Danny Helm
|
|
|
Batting: SHB Jamie Mims
|
0-0: Called Strike 0-1: Swinging Strike 0-2: Ball 1-2: Foul Ball, location: 2F 1-2: SINGLE (Groundball, 4MD, EV 108.1 MPH) Michael Krott scores
|
|
Pinch Hitting: LHB Jason Ryan
|
0-0: Ball Jamie Mims steals 2nd base (no throw) 1-0: Ball 2-0: Called Strike 2-1: Ball Passed Ball! Jamie Mims to third 3-1: Reached on error, E5 (Groundball, 56S, EV 88.8 MPH) Jamie Mims scores
|
|
Batting: LHB Zack Guillen
|
0-0: Called Strike 0-1: Ball Wild Pitch! Jason Ryan to second 1-1: Foul Ball, location: 2F 1-2: Ball 2-2: Strikes out swinging
|
|
Batting: RHB Ryan Rinaldi
|
0-0: Called Strike 0-1: Called Strike 0-2: Ball 1-2: Ball Passed Ball! Jason Ryan to third 2-2: SINGLE (Line Drive, 3D, EV 94.4 MPH) Jason Ryan scores
|
|
Pitching: LHP Mike Mathews
|
|
|
Batting: RHB John Boyer
|
0-0: Ball 1-0: Ball 2-0: Called Strike 2-1: Ball 3-1: Fielders Choice at 2nd, 3-6 (Groundball, 13, EV 88.8 MPH)
|
|
Batting: RHB Doug D'Onofrio
|
0-0: Called Strike 0-1: Swinging Strike 0-2: Foul Ball, location: 2F 0-2: SINGLE (Line Drive, 6D, EV 105.6 MPH) John Boyer to second
|
|
Batting: LHB Luke Coulter
|
0-0: Ball 1-0: Swinging Strike 1-1: Ball 2-1: Ball 3-1: DOUBLE (Line Drive, 9LM, EV 103.8 MPH) John Boyer scores Doug D'Onofrio to third Runner from 3rd tries for Home, SAFE, no throw by RF
|
|
Batting: RHB Bryce Hickman
|
0-0: SINGLE (Line Drive, 4D, EV 93.8 MPH) Luke Coulter to third Runner from 3rd tries for Home, SAFE, throw by RF to home
|
|
Pinch Hitting: RHB Willis Morales
|
0-0: Ball 1-0: Called Strike 1-1: SINGLE (Line Drive, 78M, EV 94.4 MPH) Bryce Hickman to second
|
|
Pitching: LHP Tony Diaz
|
|
|
Batting: SHB Jamie Mims
|
0-0: Ball 1-0: Ball 2-0: Called Strike 2-1: Called Strike 2-2: Strikes out swinging
|
| Bottom of the 6th over - 8 runs, 8 hits, 1 error, 2 left on base; Kingsport 18 - Grand Junction 12 |
| TOP OF THE 7TH |
|
Kingsport Mets batting - Pitching for Grand Junction Rockies : RHP Zakhar Edelman
|
|
Now at SS: Willis Morales
|
|
|
Now in CF: Jamie Mims
|
|
|
Now in RF: Juan Figueroa
|
|
|
Batting: RHB Coltin Nellis
|
0-0: Called Strike 0-1: Ground out 6-3 (Groundball, 6, EV 86.9 MPH)
|
|
Batting: RHB Danny Runberg
|
0-0: Called Strike 0-1: Ball 1-1: Ball 2-1: Foul Ball, location: 2F 2-2: Ball 3-2: Foul Ball, location: 2F 3-2: Foul Ball, location: 2F 3-2: Base on Balls
|
|
Batting: RHB Frank Shaw
|
0-0: Called Strike Danny Runberg steals 2nd base 0-1: Called Strike 0-2: Foul Ball, location: 2F Balk! Danny Runberg to third 0-2: TRIPLE (Line Drive, 89XD, EV 108.1 MPH) Danny Runberg scores
|
|
Pinch Hitting: SHB Alec Taylor
|
0-0: Ball 1-0: Called Strike 1-1: Ground out 5-3 (Groundball, 56, EV 76.9 MPH) Frank Shaw scores
|
|
Batting: RHB Dan House
|
0-0: Foul Ball, location: 2F 0-1: Ball 1-1: Ball 2-1: Ball 3-1: Ground out 4-3 (Groundball, 4, EV 88.1 MPH)
|
| Top of the 7th over - 2 runs, 1 hit, 0 errors, 0 left on base; Kingsport 20 - Grand Junction 12 |
| BOTTOM OF THE 7TH |
|
Grand Junction Rockies batting - Pitching for Kingsport Mets : LHP Tony Diaz
|
|
Now at 1B: Steve Page
|
|
|
Pinch Hitting: RHB Brent Montagano
|
0-0: SINGLE (Line Drive, 9LS, EV 92.5 MPH)
|
|
Pinch Hitting: RHB T.J. Williams
|
0-0: Foul Ball, location: 2F 0-1: Ball 1-1: Swinging Strike 1-2: Foul Ball, location: 2F 1-2: Strikes out looking
|
|
Batting: RHB Ryan Rinaldi
|
0-0: Ball 1-0: Called Strike 1-1: SINGLE (Groundball, 56D, EV 98.8 MPH) Brent Montagano to second
|
|
Batting: RHB John Boyer
|
0-0: Ball 1-0: Swinging Strike 1-1: Swinging Strike 1-2: Foul Ball, location: 2F 1-2: Foul Ball, location: 2F 1-2: Foul Ball, location: 2F 1-2: Ball 2-2: Ball 3-2: Base on Balls Brent Montagano to third Ryan Rinaldi to second
|
|
Pitching: RHP Thomas Clark
|
|
|
Batting: RHB Doug D'Onofrio
|
0-0: Ball 1-0: SINGLE (Groundball, 34D, EV 102.5 MPH) Brent Montagano scores Ryan Rinaldi to third John Boyer to second Runner from 3rd tries for Home, SAFE, throw by RF to home
|
|
Batting: LHB Luke Coulter
|
0-0: Called Strike 0-1: Ball 1-1: Ball 2-1: Foul Ball, location: 2F 2-2: Foul Ball, location: 2F 2-2: Ball Wild Pitch! John Boyer to third Doug D'Onofrio to second 3-2: Base on Balls
|
|
Batting: RHB Bryce Hickman
|
0-0: Ball 1-0: Called Strike 1-1: SINGLE (Groundball, 6D, EV 99.4 MPH) John Boyer scores Doug D'Onofrio to third Luke Coulter to second Runner from 3rd tries for Home, SAFE, throw by CF to home
|
|
Batting: RHB Willis Morales
|
0-0: Ball 1-0: Ball 2-0: Ball 3-0: Base on Balls Luke Coulter to third Bryce Hickman to second
|
|
Batting: SHB Jamie Mims
|
0-0: Called Strike 0-1: Foul Ball, location: 2F 0-2: Fielders Choice at 2nd, 4-6 (Groundball, 4, EV 83.1 MPH) Luke Coulter scores Bryce Hickman to third
|
|
Pitching: RHP Marvin Merino
|
|
|
Batting: RHB Brent Montagano
|
0-0: Ball Wild Pitch! Bryce Hickman scores Jamie Mims to second 1-0: Ball 2-0: Called Strike 2-1: Ball 3-1: Fly out, F9 (Flyball, 9S, EV 96.9 MPH)
|
| Bottom of the 7th over - 6 runs, 4 hits, 0 errors, 1 left on base; Kingsport 20 - Grand Junction 18 |
| TOP OF THE 8TH |
|
Kingsport Mets batting - Pitching for Grand Junction Rockies : RHP Zakhar Edelman
|
|
Now in LF: Chris Salim
|
|
|
Now in RF: Chris Osting
|
|
|
Batting: RHB John Jones
|
0-0: Called Strike 0-1: Ball 1-1: Ball 2-1: Ball 3-1: Base on Balls
|
|
Pitching: RHP Willie Benito
|
|
|
Batting: RHB Josh Jones
|
0-0: Sac Bunt to 5S - play at first, batter OUT! 5-3 John Jones to second
|
|
Batting: RHB Kyle Holland
|
Balk! John Jones to third 0-0: Ball 1-0: Swinging Strike 1-1: Ball 2-1: Foul Ball, location: 2F 2-2: Foul Ball, location: 2F 2-2: Ground out 6-3 (Groundball, 6MS, EV 75.0 MPH)
|
|
Batting: SHB Jason Evans
|
0-0: Called Strike 0-1: Ball 1-1: Ground out 3-1 (Groundball, 34S, EV 85.6 MPH)
|
| Top of the 8th over - 0 runs, 0 hits, 0 errors, 1 left on base; Kingsport 20 - Grand Junction 18 |
| BOTTOM OF THE 8TH |
|
Grand Junction Rockies batting - Pitching for Kingsport Mets : RHP Marvin Merino
|
|
Batting: LHB Chris Salim
|
0-0: Ball 1-0: Called Strike 1-1: Swinging Strike 1-2: Ball 2-2: Ball 3-2: Foul Ball, location: 2F 3-2: Base on Balls
|
|
Batting: RHB Ryan Rinaldi
|
0-0: Called Strike 0-1: DOUBLE (Line Drive, 5D, EV 105.0 MPH) Chris Salim to third
|
|
Batting: RHB John Boyer
|
0-0: SINGLE (Flyball, 7S, EV 96.3 MPH) Chris Salim scores Ryan Rinaldi to third
|
|
Batting: RHB Doug D'Onofrio
|
0-0: Called Strike 0-1: Ball 1-1: Swinging Strike 1-2: Ball 2-2: Ball 3-2: Base on Balls John Boyer to second
|
|
Batting: LHB Luke Coulter
|
0-0: DOUBLE (Line Drive, 3D, EV 98.8 MPH) Ryan Rinaldi scores John Boyer scores Doug D'Onofrio to third
|
|
Batting: RHB Bryce Hickman
|
0-0: Ball 1-0: 3-RUN HOME RUN (Flyball, 7LD, EV 91.9 MPH), Distance : 342 ft
|
|
Batting: RHB Willis Morales
|
0-0: Called Strike 0-1: Foul Ball, location: 2F 0-2: Foul Ball, location: 2F 0-2: Ball 1-2: Ball 2-2: SINGLE (Line Drive, 7LS, EV 91.3 MPH)
|
|
Batting: SHB Jamie Mims
|
0-0: Sac Bunt to 3S - play at first, batter safe! Willis Morales to second
|
|
Batting: RHB Chris Osting
|
0-0: Called Strike 0-1: Foul Ball, location: 2F 0-2: Ball 1-2: Grounds into double play, 6-4-3 (Groundball, 6, EV 80.6 MPH) Willis Morales to third
|
|
Batting: LHB Chris Salim
|
0-0: 2-RUN HOME RUN (Line Drive, 8LXD, EV 115.6 MPH), Distance : 461 ft
|
|
Pitching: LHP Justin Engelhard
|
|
|
Batting: RHB Ryan Rinaldi
|
0-0: Ball 1-0: Called Strike 1-1: Ball 2-1: Ball 3-1: Base on Balls
|
|
Batting: RHB John Boyer
|
0-0: Called Strike Ryan Rinaldi steals 2nd base 0-1: SINGLE (Flyball, 3D, EV 91.3 MPH) - OUT at second base trying to stretch hit. Ryan Rinaldi scores
|
| Bottom of the 8th over - 9 runs, 8 hits, 0 errors, 0 left on base; Kingsport 20 - Grand Junction 27 |
| TOP OF THE 9TH |
|
Kingsport Mets batting - Pitching for Grand Junction Rockies : RHP Willie Benito
|
|
Batting: RHB Coltin Nellis
|
0-0: Ball 1-0: Ball 2-0: SINGLE (Line Drive, 5D, EV 104.4 MPH)
|
|
Batting: RHB Danny Runberg
|
0-0: Called Strike 0-1: Ball 1-1: SINGLE (Groundball, P, EV 90.0 MPH) (infield hit) Coltin Nellis to second
|
|
Batting: RHB Frank Shaw
|
0-0: Ball 1-0: Ball 2-0: Called Strike 2-1: Ball 3-1: Base on Balls Coltin Nellis to third Danny Runberg to second
|
|
Batting: RHB Steve Page
|
0-0: Ball 1-0: Called Strike 1-1: Foul Ball, location: 2F 1-2: Foul Ball, location: 2F 1-2: Ball 2-2: GRAND SLAM HOME RUN (Flyball, 78XD, EV 111.9 MPH), Distance : 420 ft
|
|
Batting: RHB Dan House
|
0-0: Foul Ball, location: 2F 0-1: Ball 1-1: Called Strike 1-2: Ball 2-2: Ball 3-2: Foul Ball, location: 2F 3-2: Base on Balls
|
|
Batting: RHB John Jones
|
0-0: Ball 1-0: Ball 2-0: Ball 3-0: Base on Balls Dan House to second
|
|
Batting: RHB Josh Jones
|
0-0: Ball 1-0: Called Strike 1-1: Swinging Strike 1-2: Foul Ball, location: 2F 1-2: Ball 2-2: Reached on error, E5 (Groundball, 56S, EV 90.6 MPH) Dan House to third John Jones to second
|
|
Batting: RHB Kyle Holland
|
0-0: Called Strike 0-1: Swinging Strike 0-2: Ball 1-2: Fielders Choice at 2nd, 4-6 (Groundball, 4M, EV 98.8 MPH) Dan House scores John Jones to third
|
|
Batting: SHB Jason Evans
|
0-0: Ball 1-0: Ball 2-0: Called Strike 2-1: Foul Ball, location: 2F 2-2: Ball 3-2: Base on Balls Kyle Holland to second
|
|
Batting: RHB Coltin Nellis
|
0-0: Called Strike 0-1: Ball 1-1: DOUBLE (Line Drive, 89D, EV 111.3 MPH) John Jones scores Kyle Holland scores Jason Evans to third Runner from 3rd tries for Home, SAFE, throw by RF to trailing runner, SAFE at third!
|
|
Pitching: RHP Harry Folsom
|
|
|
Batting: RHB Danny Runberg
|
0-0: Foul Ball, location: 2F 0-1: Ground out 6-3 (Groundball, 6, EV 84.4 MPH)
|
|
Batting: RHB Frank Shaw
|
0-0: Ball 1-0: Ball 2-0: Swinging Strike 2-1: Foul Ball, location: 2F 2-2: Ball 3-2: Fly out, F8 (Line Drive, 8RM, EV 91.3 MPH)
|
| Top of the 9th over - 8 runs, 4 hits, 1 error, 1 left on base; Kingsport 28 - Grand Junction 27 |
| BOTTOM OF THE 9TH |
|
Grand Junction Rockies batting - Pitching for Kingsport Mets : LHP Justin Engelhard
|
|
Now at 2B: Jack Nickleberry
|
|
|
Batting: RHB Doug D'Onofrio
|
0-0: Ball 1-0: Ball 2-0: Foul Ball, location: 2F 2-1: Ball 3-1: Base on Balls
|
|
Batting: LHB Luke Coulter
|
0-0: Ball Doug D'Onofrio steals 2nd base 1-0: Fly out, F8 (Flyball, 8LD, EV 100.6 MPH)
|
|
Batting: RHB Bryce Hickman
|
0-0: Ball Doug D'Onofrio steals 3rd base 1-0: SINGLE (Line Drive, 9S, EV 91.9 MPH) Doug D'Onofrio scores
|
|
Batting: RHB Willis Morales
|
0-0: Ball 1-0: Called Strike 1-1: DOUBLE (Line Drive, 78M, EV 95.0 MPH) Bryce Hickman to third
|
|
Batting: SHB Jamie Mims
|
0-0: Ball 1-0: Called Strike 1-1: Ball 2-1: Fly out, F7 (Flyball, 78D, EV 100.6 MPH) Runner from 3rd tags up, SCORES, throw by LF
|
| Bottom of the 9th over - 2 runs, 2 hits, 0 errors, 0 left on base; Kingsport 28 - Grand Junction 29 |
| |
|
Game Over ... Grand Junction defeats Kingsport, 29 to 28
|
|
|